 Dungeon Sprint DCSS version 0.31-a0-664-g902f515a81 (webtiles) character file.

Game seed: 2335032221299234011

10546 rocky1 the Carver (level 11, -3/90 HPs)
             Began as a Djinni Fighter on Sept 3, 2023.
             Was the Champion of Cheibriados.
             Slain by Sonja
             ... wielding a +0 short sword of distortion
              (19 damage)
             ... in the Dungeon (Sprint IX: "|||||||||||||||||||||||||||||").
             The game lasted 00:05:03 (3055 turns).

rocky1 the Carver (Djinni Fighter)                  Turns: 3055, Time: 00:05:04

Health: -3/90      AC: 19    Str: 30    XL:     11   Next: 95%
Gold:   34         EV: 13    Int: 26    God:    Cheibriados [******] SH:  9 Dex: 34

rFire   + + .        p - +2 scimitar (holy)
rCold   x . .        c - +0 buckler
rNeg    . . .        l - +0 plate armour
rPois   ∞            (no helmet)
rElec   .            k - +0 cloak
rCorr   .            s - +0 pair of gloves
SInv    .            (boots unavailable)
Will    +....        (no amulet) Stlth
                     m - +2 ring of evasion
HPRegen 0.35/turn    n - +3 ring of dexterity
MPRegen 0.00/turn

%: no teleportation, infuse magic (-4 HP)
@: flying, very slow
A: sickness immunity, fire resistance 2, cold vulnerability 1, float, innate
caster, HP casting, extra vitality 1
a: Renounce Religion, Bend Time, Temporal Distortion, Slouch, Step From Time


You were in the Dungeon.
You worshipped Cheibriados.
Cheibriados was exalted by your worship.
You visited 1 branch You collected 34 gold pieces.

Inventory:

Hand Weapons
 o - the +7 lajatang of Order {silver, rMut}
   (You found it in the Dungeon)

   rMut:      It protects you from mutation.
 p - a +2 scimitar of holy wrath (weapon)
Armour
 c - a +0 buckler (worn)
 k - a +0 cloak (worn)
 l - a +0 plate armour (worn)
 s - a +0 pair of gloves (worn)
Jewellery
 m - a +2 ring of evasion (left hand)
 n - a +3 ring of dexterity (right hand)
Wands
 j - a wand of iceblast (10)
Scrolls
 i - 3 scrolls of blinking
 q - 2 scrolls of enchant armour
 r - 2 scrolls of enchant weapon
 t - a scroll of identify
Potions
 d - a potion of brilliance
 e - 6 potions of curing
 f - a potion of might
 g - 2 potions of haste
 h - a potion of resistance


   Skills:
 + Level 12.3 Fighting
 + Level 14.8 Long Blades
 + Level 13.9 Armour
 + Level 3.0 Dodging
 - Level 3.8 Stealth
 + Level 9.2 Shields
 * Level 12.1 Invocations


You knew the following spells:

 Your Spells              Type           Power      Damage    Failure   Level
a - Necrotise             Necr           0%         1d4       63%         1
b - Call Imp              Summ           0%         N/A       77%         2
c - Frozen Ramparts       Ice            0%         1d1       94%         3
d - Animate Armour        Summ/Erth      0%         N/A       100%        4
e - Silence               Hex/Air        0%         N/A       100%        5
Your spell library was empty.


Dungeon Overview and Level Annotations

Branches:
Dungeon (1/1)

Altars:
Cheibriados
Dithmenos
Elyvilon
Fedhas
Gozag
Hepliaklqana
Makhleb
Nemelex Xobeh
Okawaru
Qazlal
Ru
Trog
Uskayaw
Wu Jian
Xom
Yredelemnul
Zin
The Shining One
Jiyva
Lugonu

Annotations:
D Sonja


Innate Abilities, Weirdness & Mutations

You are immune to sickness and miasma.
You are immune to poison.
Your flesh is very heat resistant. (rF++)
You are vulnerable to cold. (rC-)
You float through the air rather than walking.
You learn spells naturally, not from books.
Your magical power is your life essence.
You have superior vitality. (+4 MHP)


Message History

Space warps around you.
You slash Sonja!
Sonja is moderately wounded.
Sonja hits you but does no damage. Space warps horribly around you!
Sonja closely misses you. Sonja barely misses you.
You slash Sonja!
Sonja is severely wounded.
Sonja gestures wildly while chanting.
Sonja blinks!
Sonja gestures wildly while chanting.
Sonja blinks!
Sonja mumbles some strange words.
Sonja blinks!
Sonja throws a curare-tipped dart.
The curare-tipped dart closely misses you.
Sonja says, "Join me in the dance of death."
Sonja gestures wildly while chanting.
Sonja blinks!
Sonja plants her feet in a plie.
Sonja casts a spell.
Sonja blinks!
Sonja hits you but does no damage. You block Sonja's attack. x2
You miss Sonja.
Sonja is severely wounded.
You block Sonja's attack. Sonja hits you but does no damage.
Space warps horribly around you! Sonja hits you but does no damage.
Space warps horribly around you!
* * * LOW HITPOINT WARNING * * *
You closely miss Sonja.
Sonja is severely wounded.
You block Sonja's attack. Sonja misses you. You block Sonja's attack.
You completely miss Sonja.
Sonja is severely wounded.
You block Sonja's attack. Sonja hits you but does no damage.
Space warps around you.
* * * LOW HITPOINT WARNING * * *
Sonja closely misses you.
You miss Sonja.
Sonja is severely wounded.
Sonja hits you but does no damage. Space warps horribly around you!!
You die...

▓.▓.▓.▓_▓
▓.▓†▓.▓_▓
▓.▓†▓.▓'▓
▓.▓.▓.▓!▓
▓.▓.▓.▓?▓
▓.▓.▓.▓)▓
▓.▓.▓.▓.▓
▓K▓.▓.▓.▓
▓@▓.▓.▓[▓
▓.▓.▓.▓.▓
▓.▓.▓.▓.▓
▓.▓)▓.▓.▓
▓.▓)▓.▓'▓
▓.▓.▓.▓)▓
▓.▓)▓.▓.▓
▓.▓'▓.▓.▓
▓.▓.▓.▓.▓


You could see Sonja.

Vanquished Creatures
  A dire elephant (D)
  A centaur warrior (D)
  A death yak (D)
  A deep elf pyromancer (D)
  2 ugly things (D)
  7 elephants (D)
  Joseph (D)
  2 black mambas (D)
  5 cane toads (D)
  4 komodo dragons (D)
  2 trolls (D)
  A blink frog (D)
  A dream sheep (D)
  A shadow (D)
  2 yaks (D)
  3 water moccasins (D)
  2 centaurs (D)
  A phantom (D)
  A bullfrog (D)
  A killer bee (D)
  A sleepcap (D)
  An iguana (D)
  A dart slug (D)
  2 bats (D)
  A hobgoblin (D)
  A kobold (D)
47 creatures vanquished.

Vanquished Creatures (others)
  A cyclops (D)
  An orc wizard (D)
2 creatures vanquished.

Grand Total: 49 creatures vanquished

Notes
Turn   | Place    | Note
-------+----------+-------------------------------------------
     0 | D        | rocky1 the Djinni Fighter began the quest for the Orb.
     0 | D        | Reached XP level 1. HP: 20/20 MP: 0/0
    11 | D        | Banished a spatial maelstrom
    14 | D        | Reached skill level 2 in Long Blades
    14 | D        | Reached XP level 2. HP: 26/26 MP: 0/0
    19 | D        | Noticed a phantom
    19 | D        | Noticed a centaur
    24 | D        | Reached XP level 3. HP: 31/31 MP: 0/0
    24 | D        | Learned a level 1 spell: Necrotise
    30 | D        | Reached skill level 5 in Fighting
    30 | D        | Reached skill level 3 in Long Blades
    30 | D        | Reached XP level 4. HP: 16/39 MP: 0/0
    35 | D        | Killed a phantom
    36 | D        | Reached skill level 4 in Long Blades
    36 | D        | Reached skill level 5 in Armour
    36 | D        | Reached skill level 5 in Shields
    36 | D        | Reached XP level 5. HP: 21/45 MP: 0/0
    36 | D        | Learned a level 2 spell: Call Imp
    54 | D        | Killed a centaur
    55 | D        | Reached skill level 5 in Long Blades
    55 | D        | Reached skill level 1 in Dodging
    55 | D        | Reached XP level 6. HP: 15/51 MP: 0/0
   565 | D        | Found a snail-covered altar of Cheibriados.
   565 | D        | Found a shadowy altar of Dithmenos.
   565 | D        | Found a white marble altar of Elyvilon.
   565 | D        | Found a blossoming altar of Fedhas.
   565 | D        | Found an opulent altar of Gozag.
   566 | D        | Found a hazy altar of Hepliaklqana.
   567 | D        | Found a viscous altar of Jiyva.
   569 | D        | Found a corrupted altar of Lugonu.
   572 | D        | Found a burning altar of Makhleb.
   573 | D        | Found a sparkling altar of Nemelex Xobeh.
   577 | D        | Became a worshipper of Cheibriados the Contemplative
   581 | D        | Found an iron altar of Okawaru.
   582 | D        | Found a stormy altar of Qazlal.
   583 | D        | Found a sacrificial altar of Ru.
   585 | D        | Found a bloodstained altar of Trog.
   586 | D        | Found a hide-covered altar of Uskayaw.
   588 | D        | Found an ornate altar of the Wu Jian Council.
   589 | D        | Found a shimmering altar of Xom.
   590 | D        | Found a basalt altar of Yredelemnul.
   591 | D        | Found a glowing silver altar of Zin.
   592 | D        | Found a glowing golden altar of the Shining One.
   600 | D        | Found the +7 lajatang of Order {silver, rMut}
   751 | D        | Noticed a yak
   751 | D        | Noticed a troll
   751 | D        | Noticed a yak
   751 | D        | Noticed a shadow
   755 | D        | Killed a yak
   756 | D        | Reached skill level 6 in Long Blades
   765 | D        | Reached * piety under Cheibriados
   766 | D        | Reached skill level 7 in Long Blades
   766 | D        | Reached XP level 7. HP: 27/58 MP: 0/0
   766 | D        | Learned a level 3 spell: Frozen Ramparts
   779 | D        | Killed a troll
   779 | D        | Reached ** piety under Cheibriados
   780 | D        | Reached skill level 8 in Long Blades
   788 | D        | Killed a yak
   789 | D        | Reached skill level 5 in Invocations
   789 | D        | Reached XP level 8. HP: 28/65 MP: 0/0
   790 | D        | Killed a shadow
  1186 | D        | Noticed a cyan ugly thing
  1186 | D        | Noticed a deep elf pyromancer
  1186 | D        | Noticed a cyclops
  1186 | D        | Noticed a white ugly thing
  1186 | D        | Noticed a troll
  1186 | D        | Noticed a centaur warrior
  1192 | D        | Killed a cyan ugly thing
  1192 | D        | Reached *** piety under Cheibriados
  1193 | D        | Reached skill level 9 in Long Blades
  1193 | D        | Reached skill level 10 in Armour
  1198 | D        | Killed a deep elf pyromancer
  1199 | D        | Reached skill level 10 in Long Blades
  1199 | D        | Reached skill level 1 in Stealth
  1199 | D        | Reached XP level 9. HP: 56/71 MP: 0/0
  1199 | D        | Learned a level 4 spell: Animate Armour
  1201 | D        | Killed a cyclops
  1203 | D        | Killed a white ugly thing
  1209 | D        | Killed a centaur warrior
  1209 | D        | Reached **** piety under Cheibriados
  1210 | D        | Reached skill level 11 in Long Blades
  1211 | D        | Killed a troll
  1574 | D        | Noticed Joseph
  1589 | D        | Killed Joseph
  1589 | D        | Reached ***** piety under Cheibriados
  1590 | D        | Reached XP level 10. HP: 35/78 MP: 0/0
  1787 | D        | Noticed a komodo dragon
  1787 | D        | Noticed a komodo dragon
  1787 | D        | Noticed a komodo dragon
  1787 | D        | Noticed a komodo dragon
  1795 | D        | Killed a komodo dragon
  1797 | D        | Noticed a black mamba
  1800 | D        | Killed a komodo dragon
  1801 | D        | Reached skill level 12 in Long Blades
  1804 | D        | Killed a black mamba
  1804 | D        | Reached ****** piety under Cheibriados
  1805 | D        | Reached skill level 10 in Fighting
  2226 | D        | Killed a komodo dragon
  2234 | D        | Killed a komodo dragon
  2235 | D        | Reached skill level 10 in Invocations
  2483 | D        | Noticed a death yak
  2483 | D        | Noticed a cane toad
  2483 | D        | Noticed a cane toad
  2483 | D        | Noticed a black mamba
  2483 | D        | Noticed a cane toad
  2494 | D        | Killed a death yak
  2495 | D        | Reached skill level 13 in Long Blades
  2497 | D        | Noticed a cane toad
  2498 | D        | Killed a cane toad
  2499 | D        | Reached XP level 11. HP: 48/86 MP: 0/0
  2499 | D        | Learned a level 5 spell: Silence
  2762 | D        | Noticed an elephant
  2762 | D        | Noticed an elephant
  2762 | D        | Noticed an elephant
  2762 | D        | Noticed an elephant
  2762 | D        | Noticed an elephant
  2762 | D        | Noticed an elephant
  2766 | D        | Noticed a dire elephant
  2771 | D        | Killed an elephant
  2772 | D        | Reached skill level 14 in Long Blades
  2776 | D        | Killed an elephant
  2788 | D        | Killed a dire elephant
  2791 | D        | Noticed an elephant
  2793 | D        | Killed an elephant
  2798 | D        | Killed an elephant
  2801 | D        | Killed an elephant
  2809 | D        | Killed an elephant
  2818 | D        | Killed an elephant
  3035 | D        | Noticed Sonja
  3055 | D        | Slain by Sonja

Illustrated notes

Levels and vault maps discovered:
D:        linesprint [early_d, line_temple, items_1, d_10, items_2, lair_1,
          lair_end, items_3, orc_1, orc_end, items_4, d_15, swamp_1, shoals_1,
          snake_1, spider_1, d_20, vaults_1, items_5, swamp_end, shoals_end,
          snake_end, spider_end, vaults_end, d_27, items_6, zot_1, zot_end,
          crypt_end, forest_end, elf_end, slime_end, tomb_end, abyss_end,
          pan_hell_end]

Skill      XL: |  1  2  3  4  5  6  7  8  9 10 11 |
---------------+----------------------------------+-----
Long Blades    | 2 3 4 5 7 8 10 11 13 14 | 14.8
Fighting       | 4 5 6 7 8 9 10 12 | 12.3
Armour         | 4 5 6 7 9 10 11 12 13 | 13.9
Shields        | 4 5 6 7 8 9 |  9.2
Dodging        | 1 2 3 |  3.0
Invocations    | 3 5 7 8 10 12 | 12.1
Stealth        | 1 3 |  3.8

Action                     |  1- 3 |  4- 6 |  7- 9 | 10-12 || total
---------------------------+-------+-------+-------+-------++-------
  Melee: Long sword        |    18 |    19 |       |       ||    37
         Scimitar          |       |    14 |    52 |   123 ||   189
 Invoke: Slouch            |       |       |       |     3 ||     3
    Use: Potion            |     1 |     1 |     4 |       ||     6
         Scroll            |       |       |       |     1 ||     1
   Stab: Invisible         |       |       |     7 |       ||     7
 Armour: Scale mail        |    10 |    48 |       |       ||    58
         Plate armour      |       |    15 |    56 |    68 ||   139
  Dodge: Dodged            |     5 |    24 |    28 |    49 ||   106
  Block: Buckler           |     4 |    11 |    15 |    30 ||    60

Table legend: (Time is in decaauts)
 A = Elapsed time spent in this place.
 B = Non-inter-level travel time spent in this place.
 C = Inter-level travel time spent in this place.
 D = Time resting spent in this place.
 E = Time spent auto-exploring this place.
 F = Levels seen in this place.
 G = Mean time per level.
                   A        B        C        D        E       F      G
               +--------+--------+--------+--------+--------+-----+--------+
         Total |   3217 |   3217 |      0 |   2496 |      0 |   1 | 3217.0 |
       Dungeon |   3217 |   3217 |      0 |   2496 |      0 |   1 | 3217.0 |
               +--------+--------+--------+--------+--------+-----+--------+

Top non-repeatable levels by time:
       D: 3217 daAuts
